 Dungeon Crawl Stone Soup version 0.29-a0-330-g52719c12eb (webtiles) character file.

Game seed: 6203191750457696968

914 kae the Firebug (level 7, -9/50 HPs)
             Began as a Demigod Fire Elementalist on Apr 18, 2022.
             Mangled by Maggie
             ... wielding a +0 glaive of flaming
              (13 damage)
             ... on level 6 of the Dungeon.
             The game lasted 00:03:54 (5955 turns).

kae the Firebug (Demigod Fire Elementalist)         Turns: 5955, Time: 00:03:55

Health: -9/50      AC:  2    Str:  9    XL:     7   Next: 52%
Magic:  11/16      EV: 12    Int: 37    God:
Gold:   191        SH:  0    Dex: 14    Spells: 8/14 levels left

rFire   + . .      SeeInvis .   o - staff of fire
rCold   . . .      Faith    .   (no shield)
rNeg    . . .      Spirit   .   a - +0 robe
rPois   .          Reflect  .   (no helmet)
rElec   .          Harm     .   (no cloak)
rCorr   .          Rampage  .   (no gloves)
Will    .....                   (no boots)
Stlth   ++........              d - amulet of magic regeneration
HPRegen 0.16/turn               l - +6 ring of intelligence
MPRegen 0.55/turn               i - +6 ring of intelligence

@: no status effects
A: high MP 1, forlorn, divine attributes
a: no special abilities


You were on level 6 of the Dungeon.
You visited 2 branches of the dungeon, and saw 7 of its levels.

You collected 191 gold pieces.

Inventory:

Hand Weapons
 e - a +0 dagger of draining
 j - a +3 dagger of venom
Missiles
 q - 2 throwing nets
Armour
 a - a +0 robe (worn)
Magical Staves
 o - a staff of fire (weapon)
Jewellery
 d - an amulet of magic regeneration (around neck)
 g - a ring of see invisible
 i - a +6 ring of intelligence (right hand)
 l - a +6 ring of intelligence (left hand)
 n - the ring of Macsux {*Slow rPois rC+ rCorr Stlth+}
   (You found it on level 4 of the Dungeon)

   [ring of protection from cold]

   rC:        It protects you from cold.
   rPois:     It protects you from poison.
   rCorr:     It protects you from acid and corrosion.
   *Slow:     It may slow you when you take damage.
   Stlth:     It makes you more stealthy.
Wands
 h - a wand of iceblast (13)
Scrolls
 c - 5 scrolls of identify
 f - a scroll of torment
Potions
 b - a potion of magic
 k - a potion of flight
 m - a potion of cancellation


   Skills:
 - Level 1.7 Dodging
 - Level 1.7 Stealth
 + Level 4.0 Spellcasting
 + Level 4.0 Conjurations
 * Level 6.4 Fire Magic


You had 8 spell levels left.
You knew the following spells:

 Your Spells              Type           Power      Damage    Failure   Level
a - Foxfire               Conj/Fire      100%       2x1d9     1%          1
b - Scorch                Fire           100%       2d10      1%          2
c - Conjure Flame         Conj/Fire      62%        6-21      1%          3

Your spell library contained the following spells:

 Spells                   Type           Power      Damage    Failure   Level
 Inner Flame              Hex/Fire       46%        N/A       3%          3
 Animate Skeleton         Necr           14%        N/A       4%          1
 Apportation              Tloc           14%        N/A       4%          1
 Slow                     Hex            28%        N/A       4%          1
 Summon Small Mammal      Summ           28%        N/A       4%          1
 Flame Wave               Conj/Fire      62%        2d12      4%          4
 Call Canine Familiar     Summ           7%         N/A       12%         3
 Confusing Touch          Hex            7%         N/A       12%         3
 Summon Guardian Golem    Hex/Summ       7%         N/A       12%         3
 Vampiric Draining        Necr           7%         2d6       12%         3


Dungeon Overview and Level Annotations

Branches:
Dungeon (6/15)             Temple (1/1) D:5

Annotations:
D:2 Sigmund
D:5 1 runed translucent door, Crazy Yiuf
D:6 Maggie


Innate Abilities, Weirdness & Mutations

You have an increased reservoir of magic. (+10% MP)
You shall have no god before yourself.
Your divine heritage dramatically boosts your attributes as you level up.


Message History

Casting: Foxfire (safe; 1% risk of failure)
Confirm with . or Enter, or press ? or * to list all spells.
You feel a surge of power!
You conjure some foxfire!
The foxfire hits Maggie but does no damage.
Maggie hits you from afar with a +0 glaive of flaming!
Maggie burns you.
Casting: Foxfire (safe; 1% risk of failure)
Confirm with . or Enter, or press ? or * to list all spells.
You feel a surge of power!
Flames lash Maggie.
Maggie is moderately wounded.
Maggie's fire resistance burns away.
Maggie points at you and mumbles some strange words.
The bolt of fire hits you. You resist. The bolt of fire hits your foxfire.
Your foxfire completely resists.
Maggie barely misses you.
Casting: Scorch (safe; 1% risk of failure)
Confirm with . or Enter, or press ? or * to list all spells.
You feel a surge of power!
Flames lash Maggie.
Maggie is moderately wounded.
Maggie hits you from afar with a +0 glaive of flaming.
Maggie burns you. Maggie casts a spell at you. The bolt of fire hits you!
You resist.
* * * LOW HITPOINT WARNING * * *
Casting: Scorch (safe; 1% risk of failure)
Confirm with . or Enter, or press ? or * to list all spells.
You feel a surge of power!
Flames lash Maggie but do no damage.
Maggie hits you from afar with a +0 glaive of flaming!
* * * LOW HITPOINT WARNING * * *
Maggie burns you.
* * * LOW HITPOINT WARNING * * *
You break out of your daze.
Maggie points at you and mumbles some strange words.
The bolt of fire misses you.
Casting: Scorch (safe; 1% risk of failure)
Confirm with . or Enter, or press ? or * to list all spells.
You feel a surge of power!
Flames lash Maggie.
Maggie is burned terribly!
Maggie is severely wounded.
Maggie hits you from afar with a +0 glaive of flaming!
You die...

#..# . ...# ...
.. ..## ...#
...## ...###..#
.....##...#...##
.........8...8$.
......@.........
.............8..
.#.##.##@##...#
.. #...8.... ...
......... ...
.......... ..
...#....### .
#<.# ...... ...
..####+ ...# .##


You could see Maggie (combustible).

Vanquished Creatures
  Menkaure (D:5)
  A sky beast (D:5)
  2 black bears (D:5)
  An ogre (D:5)
  A scorpion (D:4)
  3 hounds
  A gnoll shaman (D:5)
  A jelly (D:5)
  3 iguanas
  An orc wizard (D:4)
  3 adders
  3 gnolls (D:5)
  An ufetubus (D:4)
  3 worms
  4 dart slugs
  6 orcs (D:4)
  6 endoplasms
  A giant cockroach (D:2)
  9 goblins
  2 hobgoblins
  2 jackals (D:2)
  A quokka (D:4)
  5 ball pythons
  3 frilled lizards
  6 kobolds
  3 rats
73 creatures vanquished.

Vanquished Creatures (others)
  220 foxfires
  2 fungi (D:5)
222 creatures vanquished.

Grand Total: 295 creatures vanquished

Notes
Turn   | Place    | Note
-------+----------+-------------------------------------------
     0 | D:1      | kae the Demigod Fire Elementalist began the quest for the
                  | Orb.
     0 | D:1      | Reached XP level 1. HP: 14/14 MP: 5/5
   125 | D:1      | Reached skill level 1 in Conjurations
   394 | D:1      | Reached skill level 3 in Fire Magic
   436 | D:1      | Reached XP level 2. HP: 20/20 MP: 0/7
   756 | D:1      | Learned a level 2 spell: Scorch
  1043 | D:2      | Reached XP level 3. HP: 26/26 MP: 2/8
  2041 | D:2      | Noticed Sigmund
  2337 | D:3      | You fall into a shaft and drop 2 floors!
  2337 | D:5      | Entered Level 5 of the Dungeon
  2413 | D:5      | Noticed a black bear
  2540 | D:4      | Reached XP level 4. HP: 11/33 MP: 4/10
  2890 | D:4      | Reached skill level 4 in Fire Magic
  3319 | D:3      | Learned a level 3 spell: Conjure Flame
  3882 | D:4      | Reached XP level 5. HP: 38/38 MP: 9/12
  4283 | D:4      | Identified the ring of Macsux {*Slow rPois rC+ rCorr
                  | Stlth+}
  4382 | D:5      | Killed a black bear
  4383 | D:5      | Reached skill level 5 in Fire Magic
  4383 | D:5      | Reached XP level 6. HP: 45/45 MP: 9/13
  4797 | D:5      | Found a staircase to the Ecumenical Temple.
  4822 | Temple   | Entered the Ecumenical Temple
  5216 | D:5      | Reached XP level 7. HP: 20/50 MP: 7/15
  5451 | D:5      | Noticed Menkaure
  5457 | D:5      | Killed Menkaure
  5458 | D:5      | Reached skill level 6 in Fire Magic
  5906 | D:5      | Found a runed translucent door.
  5907 | D:5      | Noticed Crazy Yiuf
  5910 | D:5      | Identified a scroll of acquirement
  5910 | D:5      | Acquired a staff of fire
  5942 | D:6      | Noticed Maggie
  5955 | D:6      | Mangled by Maggie

Illustrated notes

Levels and vault maps discovered:
D:1:      dpeg_arrival_long_road, layout_loops_ring,
          hellmonk_ecumenical_altar_crossroads, minmay_misc_feat_tiny,
          minivault_27
D:2:      layout_loops_ring, basic_altar, uniq_sigmund
D:3:      minmay_angry_zag, layout_basic
D:4:      layout_basic
D:5:      layout_loops_ring, kiku_gazebo_garden_becter,
          minmay_temple_entry_tees, uniq_menkaure, uniq_crazy_yiuf_cottage
D:6:      layout_cave_pools, yredelemnul_forgotten_temple_becter,
          mainiacjoe_overflow_big_doors, serial_column_ruins,
          column_ruins_open_small_water, column_ruins_corridor_corner,
          column_ruins_grid_3, column_ruins_open_tiny,
          column_ruins_columns_water, column_ruins_corridor_T,
          column_ruins_grid_1, minmay_quadrilaterals, uniq_maggie,
          uniq_blork_the_orc
Temple:   minmay_crystal_spiral_temple

Skill      XL: |  1  2  3  4  5  6  7 |
---------------+----------------------+-----
Conjurations   | 1 2 3 4 |  4.0
Fire Magic     | 3 4 5 6 |  6.4
Spellcasting   | 2 3 4 |  4.0
Dodging        | |  1.7
Stealth        | |  1.7

Action                   |  1- 3 |  4- 6 |  7- 9 || total
-------------------------+-------+-------+-------++-------
Melee: Unarmed           |     1 |       |       ||     1
       Dagger            |    10 |     3 |     4 ||    17
 Cast: Foxfire           |    84 |    51 |     9 ||   144
       Scorch            |    17 |    16 |     8 ||    41
       Conjure Flame     |       |     4 |     2 ||     6
  Use: Scroll            |     4 |     6 |     1 ||    11
Armor: Robe              |     3 |       |       ||     3
Dodge: Dodged            |    16 |    14 |     3 ||    33

Table legend: (Time is in decaauts)
 A = Elapsed time spent in this place.
 B = Non-inter-level travel time spent in this place.
 C = Inter-level travel time spent in this place.
 D = Time resting spent in this place.
 E = Time spent auto-exploring this place.
 F = Levels seen in this place.
 G = Mean time per level.
                   A        B        C        D        E       F      G
               +--------+--------+--------+--------+--------+-----+--------+
         Total |   5954 |   5632 |    322 |     65 |   4863 |   7 |  850.6 |
       Dungeon |   5743 |   5506 |    237 |     65 |   4752 |   6 |  957.2 |
        Temple |    210 |    126 |     84 |      0 |    111 |   1 |  210.0 |
               +--------+--------+--------+--------+--------+-----+--------+

Top non-repeatable levels by time:
     D:5: 1416 daAuts
     D:4: 1252 daAuts
     D:2: 1195 daAuts
     D:1: 1021 daAuts
     D:3: 843 daAuts
  Temple: 210 daAuts
     D:6: 12 daAuts
